 Dungeon Crawl Stone Soup version 0.28.0-53-g5a82cb258f (webtiles) character file.

Game seed: 15822362028868820820

837 mcbry74 the Twirler (level 8, 0/60 HPs)
             Began as a Formicid Fighter on July 8, 2022.
             Was a Priest of Vehumet.
             Killed from afar by Dowan (24 damage)
             ... with a shard of ice
             ... on level 4 of the Dungeon.
             The game lasted 00:17:41 (3574 turns).

mcbry74 the Twirler (Formicid Fighter)              Turns: 3574, Time: 00:17:41

Health: 0/60       AC: 12    Str: 21    XL:     8   Next: 19%
Magic:  8/8        EV:  9    Int: 10    God:    Vehumet [***...]
Gold:   144        SH:  4    Dex: 10    Spells: 4/7 levels left

rFire   + . .      SeeInvis +   a - +0 quarterstaff
rCold   . . .      Faith    +   c - +0 buckler
rNeg    + . .      Spirit   .   d - +4 scale mail {rN+}
rPois   .          Reflect  .   (helmet unavailable)
rElec   .          Harm     .   (no cloak)
rCorr   .          Rampage  .   q - +0 pair of gloves
Will    .....                   (no boots)
Stlth   ..........              k - amulet of faith
HPRegen 0.20/turn               m - ring of protection from fire
MPRegen 0.11/turn               (no ring)

@: no status effects
A: permanent stasis, dig shafts and tunnels, antennae 3, four strong arms
a: Dig, Shaft Self, Renounce Religion


You were on level 4 of the Dungeon.
You worshipped Vehumet.
Vehumet was most pleased with you.
You visited 1 branch of the dungeon, and saw 4 of its levels.

You collected 177 gold pieces.
You spent 33 gold pieces at shops.

Inventory:

Hand Weapons
 a - a +0 quarterstaff (weapon)
Missiles
 h - 5 boomerangs (quivered)
 j - 68 bolts
 n - 5 poisoned darts
Armour
 b - a +0 scale mail
 c - a +0 buckler (worn)
 d - a +4 scale mail of positive energy (worn)
 q - a +0 pair of gloves (worn)
Jewellery
 k - an amulet of faith (around neck)
 m - a ring of protection from fire (left hand)
 p - a ring of poison resistance
 r - an amulet of guardian spirit
Scrolls
 e - a scroll of identify {unknown}
 g - a scroll of immolation {unknown}
 l - a scroll of amnesia {unknown}
Potions
 f - 3 potions of curing
 i - a potion of degeneration {unknown}
 o - a potion of ambrosia {unknown}
 s - a potion of flight {unknown}


   Skills:
 - Level 4.0 Fighting
 * Level 6.8 Staves
 + Level 0.9 Throwing
 + Level 6.0 Armour
 - Level 4.3 Shields


You had 4 spell levels left.
You knew the following spells:

 Your Spells              Type           Power      Damage    Failure   Level
a - Mephitic Cloud        Conj/Pois/Air  0%         N/A       63%         3

Your spell library contained the following spells:

 Spells                   Type           Power      Damage    Failure   Level
 Summon Small Mammal      Summ           0%         N/A       75%         1


Dungeon Overview and Level Annotations

Branches:
Dungeon (4/15)
 Temple: D:4-7

Altars:
Cheibriados
Kikubaaqudgha
Sif Muna
Vehumet

Shops:
D:1 *   D:4 *

Annotations:
D:4 Dowan


Innate Abilities, Weirdness & Mutations

You cannot be hasted, slowed, berserked, paralysed or teleported.
You can dig through walls and to a lower floor.
You have a pair of large antennae on your head. (SInv)
Your four strong arms can wield two-handed weapons with a shield.


Message History

Duvessa is moderately wounded.
Duvessa hits you with a +0 short sword.
You hit Duvessa.
Duvessa is heavily wounded.
Duvessa hits you with a +0 short sword.
You sock Duvessa!
Duvessa is severely wounded.
Duvessa hits you but does no damage.
You thump Duvessa!
Duvessa is almost dead.
You block Duvessa's attack.
You hit Duvessa.
You kill Duvessa!
Vehumet accepts your kill.
Dowan screams, "No!
No!"
Dowan seems to find hidden reserves of power!
Dowan points at you and mumbles some strange words.
The shard of ice hits you.
Your Armour skill increases to level 6!
Dowan says, "Magic will overcome all!"
Dowan hits you with a +0 dagger.
Items here: ! ( ) [ †.
You thump Dowan!
Dowan is heavily wounded.
Dowan hits you with a +0 dagger.
You closely miss Dowan.
Dowan is heavily wounded.
Dowan barely misses you. Dowan hits you but does no damage.
You hit Dowan but do no damage.
Dowan is heavily wounded.
Dowan mumbles some strange words.
Dowan blinks!
Dowan gestures at you while chanting. The stone arrow hits you!
Dowan barely misses you.
You hit Dowan but do no damage.
Dowan is moderately wounded.
Dowan casts a spell at you. The shard of ice hits you!!
You die...

.#
.........................#
.#
#..........<............##
..
............#......#...##
..
...........8#.......#.##
.. ......#..........##.###
.. ......#....#......# ..
##...#....#.#...## ..
#.....#.e..##### ..
###.....@...## ..
#..........## ##
##...##)....# #
#####......# # #....#.##
#.....## ##.....# ###.###
###


You could see Dowan (fast).

Vanquished Creatures
  Grinder (D:4)
  Sigmund (D:3)
  Duvessa (D:4)
  An ogre (D:3)
  A hound (D:4)
  A bullfrog skeleton (D:4)
  Terence (D:2)
  Natasha (thrice) (D:3)
  An orc wizard (D:4)
  Robin (D:3)
  2 adders (D:3)
  A worm (D:3)
  A dart slug (D:1)
  5 ball pythons
  4 bats
  3 endoplasms
  2 giant cockroaches
  14 goblins
  9 hobgoblins
  4 jackals (D:1)
  A kobold (D:2)
  3 quokkas
  6 frilled lizards
  17 rats
84 creatures vanquished.

Notes
Turn   | Place    | Note
-------+----------+-------------------------------------------
     0 | D:1      | mcbry74 the Formicid Fighter began the quest for the Orb.
     0 | D:1      | Reached XP level 1. HP: 18/18 MP: 1/1
   126 | D:1      | Reached XP level 2. HP: 24/24 MP: 2/2
   301 | D:1      | Reached XP level 3. HP: 29/29 MP: 3/3
   307 | D:1      | Found Kehumen's General Store.
   375 | D:1      | Bought a potion of curing for 33 gold pieces
   377 | D:1      | Found a faded altar of an unknown god.
   414 | D:1      | Prayed at the altar of an unknown god.
   414 | D:1      | Became a worshipper of Vehumet
   414 | D:1      | Reached * piety under Vehumet
   414 | D:1      | Offered knowledge of Shock by Vehumet.
   762 | D:2      | Found a snail-covered altar of Cheibriados.
   939 | D:2      | Noticed Terence
  1006 | D:2      | Killed Terence
  1007 | D:2      | Reached XP level 4. HP: 17/37 MP: 4/4
  1586 | D:3      | Reached ** piety under Vehumet
  1586 | D:3      | Offered knowledge of Static Discharge by Vehumet.
  1919 | D:3      | Noticed Natasha
  1937 | D:3      | Killed Natasha
  1938 | D:3      | Reached XP level 5. HP: 38/42 MP: 5/5
  1943 | D:3      | Noticed Natasha
  1951 | D:3      | Killed Natasha
  1960 | D:3      | Noticed Natasha
  1972 | D:3      | Killed Natasha
  2172 | D:3      | Found an ancient bone altar of Kikubaaqudgha.
  2173 | D:3      | Found a radiant altar of Vehumet.
  2174 | D:3      | Found a shimmering blue altar of Sif Muna.
  2181 | D:3      | Got Sif Muna's Tome of Companions
  2312 | D:4      | Noticed an ogre
  2316 | D:4      | Noticed a phantom
  2319 | D:4      | Noticed Sigmund
  2359 | D:4      | Noticed Dowan
  2359 | D:4      | Found Locups's General Store.
  2359 | D:4      | Noticed Duvessa
  2453 | D:4      | Noticed Robin
  2869 | D:3      | Offered knowledge of Mephitic Cloud by Vehumet.
  2910 | D:3      | Learned a level 3 spell: Mephitic Cloud
  2928 | D:3      | Killed Robin
  2929 | D:3      | Reached XP level 6. HP: 27/48 MP: 6/6
  3248 | D:4      | Reached *** piety under Vehumet
  3267 | D:4      | Noticed Grinder
  3299 | D:3      | Killed Sigmund
  3300 | D:3      | Reached skill level 5 in Staves
  3300 | D:3      | Reached skill level 5 in Armour
  3300 | D:3      | Reached XP level 7. HP: 36/54 MP: 7/7
  3419 | D:4      | Killed Grinder
  3488 | D:3      | Reached XP level 8. HP: 54/60 MP: 8/8
  3566 | D:4      | Killed Duvessa
  3574 | D:4      | Killed from afar by Dowan

Illustrated notes

Levels and vault maps discovered:
D:1:      lightli_arrival_noodles, layout_basic, serial_shops, shop_statue,
          serial_forest, infiniplex_forest_lined_3_way,
          infiniplex_forest_clump_tiny, infiniplex_forest_end_3,
          infiniplex_forest_clump_medium, infiniplex_forest_3_way,
          infiniplex_forest_straight_3, infiniplex_forest_straight_3,
          chequers_ecumenical_altar_island
D:2:      layout_rooms, basic_altar, minmay_rat_gold_closets, uniq_terence
D:3:      layout_basic, grunt_temple_overflow_magic_moments, uniq_natasha
D:4:      layout_cave_pools, mainiacjoe_overflow_catch_the_wave, serial_shops,
          shop_statue, nrook_campfire, abandoned_shop, uniq_sigmund,
          uniq_duvessa, uniq_robin, uniq_grinder

Skill      XL: |  1  2  3  4  5  6  7  8 |
---------------+-------------------------+-----
Shields        | 4 |  4.3
Staves         | 3 4 5 6 |  6.8
Fighting       | 4 |  4.0
Armour         | 4 5 6 |  6.0
Throwing       | |  0.9

Action                   |  1- 3 |  4- 6 |  7- 9 || total
-------------------------+-------+-------+-------++-------
Melee: Quarterstaff      |    92 |   175 |    31 ||   298
Throw: Dart              |       |       |     5 ||     5
       Boomerang         |       |       |     1 ||     1
  Use: Potion            |     1 |       |       ||     1
Armor: Scale mail        |    32 |   118 |     6 ||   156
Dodge: Dodged            |    28 |   100 |    12 ||   140
Block: Buckler           |    18 |    42 |     2 ||    62
